 Dungeon Crawl Stone Soup version 0.20.1-1-g8b1a95d (webtiles) character file.

7007 Firecrotchwizard the Trollish Catastrophe (level 10, -9/100 HPs)
             Began as a Troll Monk on Nov 13, 2017.
             Was an Elder of Qazlal.
             Mangled by a queen bee (14 damage)
             ... on level 9 of the Dungeon.
             The game lasted 00:29:00 (7969 turns).

Firecrotchwizard the Trollish Catastrophe (TrMo)    Turns: 7969, Time: 00:29:01

Health: -9/100     AC: 10    Str: 20    XL:     10   Next: 82%
Magic:  8/16       EV: 15    Int:  5    God:    Qazlal [****..]
Gold:   427        SH: 21    Dex: 28    Spells: 9/9 levels left

rFire    . . .     SeeInvis .     - Unarmed
rCold    + . .     Gourm    +   B - +0 large shield (curse)
rNeg     + . .     Faith    .   a - +0 robe
rPois    +         Spirit   .   (helmet restricted)
rElec    .         Reflect  .   G - +2 ratskin cloak {+Rats rPois rN+ Str-1 Int-1 Dex+1}
rCorr    .         Harm     .   (gloves unavailable)
MR       .....                  (boots unavailable)
Stlth    ++........             (no amulet)
Regen    0.7/turn               P - ring of Saun {Wiz rC+ Dex+7}
MPRegen  0.2/turn               w - +2 ring of protection

@: agile, lethally poisoned (-9 -> -9), repel missiles
A: unfitting armour, claws 3, fast metabolism 3, gourmand, regeneration 1,
shaggy fur 1, tough skin 2
a: Upheaval, Elemental Force, Renounce Religion, Evoke Ratskin


You were on level 9 of the Dungeon.
You worshipped Qazlal.
Qazlal was greatly pleased with you.
You were not hungry.

You visited 1 branch of the dungeon, and saw 9 of its levels.

You collected 427 gold pieces.

Inventory:

Hand Weapons
 H - a +2 whip of electrocution
   (You took it off Pikel on level 9 of the Dungeon)
Missiles
 d - a throwing net {=f, !d}
 p - 4 large rocks (quivered) {!d}
Armour
 a - a +0 robe (worn)
 t - a +2 robe of cold resistance
   (You took it off an orc wizard on level 3 of the Dungeon)
 B - a cursed +0 large shield (worn)
   (You found it on level 6 of the Dungeon)
 G - the +2 ratskin cloak (worn) {+Rats rPois rN+ Str-1 Int-1 Dex+1}
   (You found it on level 6 of the Dungeon)

   It affects your strength (-1).
   It affects your intelligence (-1).
   It affects your dexterity (+1).
   It protects you from poison.
   It protects you from negative energy.
Jewellery
 m - an uncursed ring of ice {rC+, rF-}
   (You found it on level 2 of the Dungeon)
 n - an uncursed ring of flight {+Fly, !d}
   (You found it on level 2 of the Dungeon)
 w - a +2 ring of protection (right claw)
   (You found it on level 4 of the Dungeon)
 y - an uncursed ring of resist corrosion
   (You found it on level 4 of the Dungeon)
 L - a +3 ring of strength
   (You found it on level 8 of the Dungeon)
 P - the ring of Saun (left claw) {Wiz rC+ Dex+7}
   (You found it on level 9 of the Dungeon)

   [ring of wizardry]

   It improves your spell success rate.
   It affects your dexterity (+7).
   It protects you from cold.
Wands
 u - a wand of enslavement (12/24)
   (You took it off a centaur on level 6 of the Dungeon)
 z - a wand of paralysis (7/24)
   (You found it on level 5 of the Dungeon)
 C - a wand of iceblast (9/15)
   (You found it on level 7 of the Dungeon)
 K - a wand of clouds (4/9)
   (You found it on level 8 of the Dungeon)
Scrolls
 c - 3 scrolls of random uselessness
 h - 3 scrolls of teleportation
 i - 2 scrolls of blinking {!r}
 k - a scroll of identify
 q - 3 scrolls of brand weapon {unknown}
 r - 2 scrolls of fog
 s - a scroll of amnesia
 v - 5 scrolls of remove curse
 D - 2 scrolls of magic mapping {!r}
 F - a scroll of enchant armour
Potions
 e - 2 potions of agility
 f - 2 potions of magic {unknown}
 g - 5 potions of flight
 l - 2 potions of lignification {!q}
 A - a potion of heal wounds {unknown}
 E - 2 potions of degeneration {!q}
 M - a potion of might {unknown}
 N - a potion of cancellation {unknown}
 O - a potion of haste {unknown}
Books
 x - a book of Cantrips
   (You found it on level 4 of the Dungeon)
 I - a book of Power
   (You found it on level 8 of the Dungeon)
 J - a book of Misfortune
   (You found it on level 7 of the Dungeon)
Comestibles
 b - 5 bread rations {@e1}
 j - 4 meat rations {@e2}
 o - 5 royal jellies


   Skills:
 + Level 6.8 Fighting
 - Level 4.3 Dodging
 - Level 1.0 Stealth
 + Level 5.0 Shields
 - Level 8.0 Unarmed Combat
 * Level 9.6 Invocations


You had 9 spell levels left.
You didn't know any spells.

Dungeon Overview and Level Annotations

Branches:
Dungeon (9/15)             Temple (0/1) D:5            Lair (0/6) D:9
    Orc: D:9-12

Altars:
Ashenzari
Cheibriados
Fedhas
Okawaru
Qazlal
Ru
Uskayaw
Xom
Yredelemnul

Shops:
D:5 [   D:7 %

Annotations:
D:3 exclusion: gnoll
D:5 exclusion: oklob plant


Innate Abilities, Weirdness & Mutations

You are too large for most types of armour.
You have claws for hands.
Your metabolism is lightning-fast.
You like to eat raw meat.
Your natural rate of healing is unusually fast.
You are covered in fur. (AC +1)
You have very tough skin. (AC +2)


Message History

You hear a bellow!
The killer bee is engulfed in a cloud of scalding steam.
The killer bee stings you but does no damage.
You block the killer bee's attack. x2; The killer bee misses you.
A queen bee comes into view.
You miss the killer bee. The killer bee stings you!
You block the killer bee's attack. x3; The killer bee stings you.
You take 11 damage, and have 72/100 hp.
You miss the killer bee.
You hear a bellow!
You block the killer bee's attack. The killer bee misses you.
The killer bee stings you. The killer bee barely misses you.
The killer bee closely misses you. You block the killer bee's attack.
A yak comes into view.
You take 1 damage, and have 71/100 hp.
You scratch the killer bee. You block the killer bee's attack.
The killer bee stings you.
The killer bee stings you but does no damage.
You block the killer bee's attack. The killer bee closely misses you.
The killer bee stings you.
The killer bee stings you but does no damage. x2
A yak comes into view.
You take 2 damage, and have 69/100 hp.
You barely miss the killer bee.
You hear a bellow!
You block the killer bee's attack. x2
The killer bee stings you but does no damage.
The killer bee is engulfed in blazing flames.
The killer bee misses you. You block the killer bee's attack.
The killer bee misses you.
The killer bee stings you but does no damage.
The killer bee is engulfed in blazing flames.
You kill the killer bee!
Qazlal accepts your kill.
You barely miss the killer bee. You block the killer bee's attack. x2
The killer bee stings you but does no damage.
You block the killer bee's attack. The killer bee stings you!
A yak comes into view.
You take 7 damage, and have 63/100 hp.
You miss the killer bee. The killer bee stings you!
You block the killer bee's attack.
The killer bee stings you but does no damage.
The queen bee calls on the killer bee to defend it!
The killer bee goes berserk!
The queen bee calls on the killer bee to defend it!
The killer bee goes berserk!
The killer bee stings you! You block the killer bee's attack.
The killer bee barely misses you.
You take 16 damage, and have 47/100 hp.
You miss the killer bee. You block the killer bee's attack. x3
The killer bee closely misses you. The killer bee barely misses you.
The queen bee calls on the killer bee to defend it!
The killer bee goes berserk!
The killer bee completely misses you. The killer bee closely misses you.
You claw the killer bee!
You kill the killer bee!
Qazlal accepts your kill.
Your Shields skill increases to level 5!
You block the killer bee's attack. x2
The killer bee stings you but does no damage.
You block the killer bee's attack.
The killer bee stings you but does no damage.
The killer bee barely misses you.
You claw the killer bee!
The killer bee stings you but does no damage.
You block the killer bee's attack. The killer bee stings you!
The killer bee barely misses you. You block the killer bee's attack.
The killer bee stings you but does no damage.
You take 8 damage, and have 40/100 hp.
You claw the killer bee! The killer bee stings you. The killer bee stings you!
* * * LOW HITPOINT WARNING * * *
You are poisoned.
The killer bee poisons you! You block the killer bee's attack.
The killer bee closely misses you. You block the killer bee's attack. x2
The killer bee closely misses you.
You take 16 damage, and have 24/100 hp.
You closely miss the killer bee.
You feel sick. You block the killer bee's attack.
The killer bee barely misses you. You block the killer bee's attack.
The killer bee misses you. The killer bee stings you!
* * * LOW HITPOINT WARNING * * *
You take 9 damage, and have 15/100 hp.
You feel agile all of a sudden.
You feel sick. You block the killer bee's attack. x3
The killer bee stings you but does no damage.
The killer bee stings you.
* * * LOW HITPOINT WARNING * * *
You take 7 damage, and have 8/100 hp.
You mangle the killer bee!!
You kill the killer bee!
Qazlal accepts your kill.
You block the killer bee's attack. x2; You block the yak's attack.
The queen bee barely misses you. The killer bee stings you.
* * * LOW HITPOINT WARNING * * *
You take 2 damage, and have 6/100 hp.
You closely miss the killer bee.
You feel sick. You block the killer bee's attack.
The yak is engulfed in freezing vapours.
The yak misses you. The queen bee stings you!
You die...

.......##.# .......Y..#
≈≈≈≈≈≈8..# ≈≈≈≈8≈Y.#### #
#'.≈≈..... ... #.≈≈.†.####
....##§§......# ....)).)yY.#
....##≈y@§.# .# ....#.≈≈...#
.# ############'.≈≈..§#####
.# ≈≈≈≈≈≈≈≈≈≈≈≈≈≈8≈........
.. ≈≈≈≈≈ ≈≈≈≈≈≈≈≈≈8).####.#
.# ..... ..........)## #.#
.# ###.#######......##
#.###.# #...............##
#.....#
###....###......)..###....##


You could see 3 yaks, a queen bee and a killer bee (berserk).

Vanquished Creatures
  A two-headed ogre (D:9)
  The ghost of peteyfrogboy the Unseen, a journeyman KoBe of Trog (D:9)
  Pikel (D:9)
  A kobold demonologist (D:6)
  A hippogriff (D:8)
  A shadow (D:6)
  An ice beast (D:8)
  An eye of draining (D:6)
  5 sky beasts
  2 slaves (D:9)
  A black bear (D:8)
  An ogre (D:6)
  4 orc warriors
  4 centaurs
  2 big kobolds
  7 bullfrogs
  A water moccasin zombie (D:7)
  A gnoll sergeant (D:8)
  A scorpion (D:6)
  16 killer bees
  An electric eel (D:9)
  A howler monkey (D:6)
  A bullfrog zombie (D:8)
  9 crimson imps
  A quasit (D:6)
  A centaur zombie (D:6)
  7 hounds
  7 orc priests
  A jelly (D:6)
  8 orc wizards
  2 iguanas
  9 worker ants
  A killer bee zombie (D:8)
  2 howler monkey zombies
  14 gnolls
  12 adders
  2 shadow imps (D:6)
  An ooze (D:2)
  An adder skeleton (D:8)
  3 worms
  A dart slug (D:3)
  3 leopard geckos
  36 orcs
  7 bats
  2 giant cockroaches
  9 goblins
  7 hobgoblins
  11 jackals
  2 quokkas
  2 ball pythons
  8 frilled lizards
  A jackal skeleton (D:6)
  18 kobolds
  A quokka skeleton (D:7)
  7 rats
252 creatures vanquished.

Vanquished Creatures (others)
  An ogre (D:6)
  A howler monkey (D:6)
  A bullfrog skeleton (D:6)
  2 adders (D:6)
  A quokka (D:6)
6 creatures vanquished.

Grand Total: 258 creatures vanquished

Notes
Turn   | Place    | Note
-------+----------+-------------------------------------------
     0 | D:1      | Firecrotchwizard the Troll Monk began the quest for the Orb.
     0 | D:1      | Reached XP level 1. HP: 22/22 MP: 0/0
   111 | D:1      | Reached XP level 2. HP: 29/29 MP: 1/1
   361 | D:1      | Reached skill level 4 in Unarmed Combat
   581 | D:2      | Reached XP level 3. HP: 36/36 MP: 2/2
   815 | D:2      | Found a hide-covered altar of Uskayaw.
   816 | D:2      | Noticed a dagger
   817 | D:2      | Noticed a dagger
  1102 | D:2      | Reached XP level 4. HP: 44/44 MP: 3/3
  1288 | D:3      | Reached skill level 5 in Unarmed Combat
  1419 | D:3      | HP: 7/44 [gnoll/flail (12)]
  1586 | D:3      | Reached XP level 5. HP: 47/50 MP: 4/4
  1665 | D:3      | Found a sacrificial altar of Ru.
  1674 | D:3      | Reached skill level 6 in Unarmed Combat
  1767 | D:3      | HP: 12/50 [orc/hand axe (7)]
  1774 | D:3      | HP: 5/50 [orc/hand axe (3)]
  1775 | D:3      | HP: 2/50 [orc/hand axe (4)]
  2308 | D:4      | Reached XP level 6. HP: 50/59 MP: 5/5
  2403 | D:4      | Reached skill level 7 in Unarmed Combat
  2575 | D:4      | Found a stormy altar of Qazlal.
  2584 | D:4      | Became a worshipper of Qazlal Stormbringer
  2584 | D:4      | Reached * piety under Qazlal
  2584 | D:4      | Reached ** piety under Qazlal
  3109 | D:5      | Entered Level 5 of the Dungeon
  3140 | D:5      | Reached skill level 8 in Unarmed Combat
  3140 | D:5      | Reached XP level 7. HP: 42/66 MP: 6/6
  3143 | D:5      | Reached skill level 1 in Invocations
  3402 | D:5      | Reached skill level 2 in Invocations
  3415 | D:5      | Found a staircase to the Ecumenical Temple.
  3550 | D:5      | Reached skill level 3 in Fighting
  3550 | D:5      | Reached skill level 3 in Dodging
  3602 | D:5      | Reached skill level 3 in Invocations
  3682 | D:5      | Found Wussuf's Armour Shop.
  3743 | D:5      | Got a polished rapier
  3758 | D:5      | Found a blossoming altar of Fedhas.
  3782 | D:5      | Noticed an oklob plant
  4023 | D:6      | Reached XP level 8. HP: 75/75 MP: 9/9
  4128 | D:6      | Reached skill level 4 in Invocations
  4288 | D:6      | Noticed a kobold demonologist
  4290 | D:6      | Noticed a soul eater
  4292 | D:6      | Noticed an ice devil
  4295 | D:6      | Killed a kobold demonologist
  4295 | D:6      | Reached skill level 4 in Fighting
  4295 | D:6      | Reached skill level 4 in Dodging
  4295 | D:6      | Reached skill level 5 in Invocations
  4533 | D:6      | Reached XP level 9. HP: 58/85 MP: 12/12
  4597 | D:6      | Reached *** piety under Qazlal
  4695 | D:6      | Reached skill level 1 in Shields
  4704 | D:6      | Reached skill level 6 in Invocations
  5216 | D:6      | Found a shimmering altar of Xom.
  5510 | D:7      | Reached skill level 2 in Shields
  5518 | D:7      | HP: 21/87 [killer bee (6)]
  5523 | D:7      | HP: 21/87 [killer bee (1)]
  5524 | D:7      | Reached skill level 5 in Fighting
  5526 | D:7      | HP: 9/88 [gnoll/flail (8)]
  5526 | D:7      | HP: 2/88 [killer bee (7)]
  5532 | D:7      | HP: 3/88 [killer bee (6)]
  5795 | D:7      | Found a snail-covered altar of Cheibriados.
  5826 | D:7      | Reached skill level 7 in Invocations
  5853 | D:7      | Found Ygeum's Food Boutique.
  5885 | D:7      | Reached **** piety under Qazlal
  6022 | D:7      | Reached skill level 3 in Shields
  6352 | D:8      | Reached skill level 8 in Invocations
  6352 | D:8      | Reached XP level 10. HP: 83/97 MP: 13/15
  6401 | D:8      | Found an iron altar of Okawaru.
  6725 | D:8      | Reached ***** piety under Qazlal
  7147 | D:8      | Found a basalt altar of Yredelemnul.
  7505 | D:9      | Found a staircase to the Lair.
  7507 | D:9      | Noticed Pikel
  7512 | D:9      | Killed Pikel
  7512 | D:9      | Reached skill level 6 in Fighting
  7512 | D:9      | Reached skill level 4 in Shields
  7568 | D:9      | Found a shattered altar of Ashenzari.
  7579 | D:9      | Got a warped iron ring
  7581 | D:9      | Identified the ring of Saun {Wiz rC+ Dex+7} (You found it on level 9 of the Dungeon)
  7647 | D:9      | Noticed peteyfrogboy's ghost (journeyman KoBe)
  7661 | D:9      | HP: 15/98 [peteyfrogboy's ghost (16)]
  7662 | D:9      | Killed peteyfrogboy's ghost
  7662 | D:9      | Reached skill level 9 in Invocations
  7707 | D:9      | Noticed a two-headed ogre
  7710 | D:9      | Killed a two-headed ogre
  7963 | D:9      | Reached skill level 5 in Shields
  7965 | D:9      | HP: 24/100 [killer bee (13)]
  7967 | D:9      | HP: 8/100 [killer bee (6)]
  7969 | D:9      | Mangled by a queen bee

Skill      XL: |  1  2  3  4  5  6  7  8  9 10 |
---------------+-------------------------------+-----
Unarmed Combat | 4 5 6 8 |  8.0
Invocations    | 3 5 8 9 |  9.6
Fighting       | 3 4 5 6 |  6.8
Dodging        | 3 4 |  4.3
Shields        | 3 5 |  5.0
Stealth        | |  1.0

Action                   |  1- 3 |  4- 6 |  7- 9 | 10-12 || total
-------------------------+-------+-------+-------+-------++-------
Melee: Unarmed           |    99 |   178 |   381 |   149 ||   807
       Punch             |     1 |     1 |     2 |       ||     4
Throw: Large rock        |       |     5 |     2 |     2 ||     9
Invok: Upheaval          |       |       |       |     1 ||     1
       Disaster Area     |       |       |       |     1 ||     1
  Use: Scroll            |     3 |       |    12 |     1 ||    16
       Potion            |       |       |     4 |     1 ||     5
 Stab: Sleeping          |     5 |       |       |       ||     5
       Paralysed         |       |     1 |       |       ||     1
  Eat: Chunk             |    16 |    15 |    32 |     9 ||    72
Armor: Robe              |    33 |    54 |   115 |    37 ||   239
Dodge: Dodged            |    52 |    87 |   100 |    37 ||   276
       Deflected         |       |       |     1 |       ||     1
Block: Other             |       |     3 |    12 |       ||    15
       Large shield      |       |       |   243 |   158 ||   401

Vault maps used:
D:1:      scummos_arrival_star, serial_curves, eino_curves_03, eino_curves_03
D:2:      cheibrodos_old_hovel, dancing_weapons_uskayaw, grunt_ministairs_14
D:3:      nicolae_ru_great_annihilating_truth, serial_forest,
          infiniplex_forest_side_room, infiniplex_forest_end_2,
          infiniplex_forest_fountain, infiniplex_forest_straight_4,
          infiniplex_forest_clump_small, infiniplex_forest_clump_tiny,
          infiniplex_forest_end_1, infiniplex_forest_zigzag_1,
          infiniplex_forest_clump_medium
D:4:      old_standard_altar, minmay_quantized
D:5:      minmay_temple_entry_glass, first_bread, serial_shops, shop, tgw_fedhas
D:6:      minmay_opposing_rooms, xom_confusion_cloud
D:7:      slow_altar_1, serial_shops, shop
D:8:      marbit_many_paths, nicolae_overflow_crystal_walls
D:9:      evilmike_ruin_ashenzari, amethyst_overflow_temple_binary,
          lair_entry_dummy, erik_orc_2, david_nohive_1, dk_noncrumbling_2,
          uniq_pikel

Table legend:
 A = Turns spent in this place as a percentage of turns spent in the entire game.
 B = Non-inter-level travel turns spent in this place as a percentage of non-inter-level travel turns spent in the entire game.
 C = Inter-level travel turns spent in this place as a percentage of turns spent in this place.
 D = Turns resting spent in this place as a percentage of non-inter-level travel turns spent in this place.
 E = Turns spent auto-exploring this place as a percentage of non-inter-level travel turns spent in this place.
 F = Non-inter-level travel turns spent in this place divided by the number of levels of this place that you've seen.
                   A       B       C       D       E      F
               +-------+-------+-------+-------+-------+----------------------
         Total | 100.0 | 100.0 |   0.4 |   2.2 |  10.4 | 256.7
       Dungeon | 100.0 | 100.0 |   0.4 |   2.2 |  10.4 | 256.7
               +-------+-------+-------+-------+-------+----------------------

Table legend:
 A = Kills in this place as a percentage of kills in entire the game.
 B = Kills by you in this place as a percentage of kills by you in the entire game.
 C = Kills by friends in this place as a percentage of kills by friends in the entire game.
 D = Other kills in this place as a percentage of other kills in the entire game.
 E = Experience gained in this place as a percentage of experience gained in the entire game.
 F = Experience gained in this place divided by the number of levels of this place that you have seen.
                   A       B       C       D       E      F
               +-------+-------+-------+-------+-------+----------------------
         Total | 100.0 | 100.0 |  -nan |  -nan | 100.0 | 1112.2
       Dungeon | 100.0 | 100.0 |  -nan |  -nan | 100.0 | 1112.2
               +-------+-------+-------+-------+-------+----------------------
